 Dungeon Crawl Stone Soup version 0.29.1-4-g47bece8355 (webtiles) character file.

Game seed: 15749167217588792902

1 wutend the Cudgeller (level 1, 0/19 HPs)
             Began as a Meteoran Cinder Acolyte on Dec 6, 2022.
             Was a High Priest of Ignis.
             Slain by a kobold
             ... wielding a +0 short sword
              (4 damage)
             ... on level 1 of the Dungeon.
             The game lasted 00:00:30 (66 turns).

wutend the Cudgeller (Meteoran Cinder Acolyte)        Turns: 66, Time: 00:00:30

Health: 0/19       AC:  2    Str: 15    XL:     1   Next: 28%
Magic:  3/3        EV: 11    Int: 15    God:    Ignis [*****.]
Gold:   14         SH:  0    Dex:  9    Spells: 2/2 levels left

rFire   + . .      SeeInvis .   a - -1 mace (flame)
rCold   . . .      Faith    .   (no shield)
rNeg    . . .      Spirit   .   b - +0 robe
rPois   .          Reflect  .   (no helmet)
rElec   .          Harm     .   (no cloak)
rCorr   .          Rampage  .   (no gloves)
Will    .....                   (no boots)
Stlth   +.........              (no amulet)
HPRegen 0.06/turn               (no ring)
MPRegen 0.08/turn               (no ring)

@: glowing
A: sense surroundings 1, otherworldly, glowing, explore regen
a: Renounce Religion, Fiery Armour, Foxfire Swarm, Rising Flame


You were on level 1 of the Dungeon.
You worshipped Ignis.
Ignis was extremely pleased with you.
You visited 1 branch of the dungeon, and saw 1 of its levels.

You collected 14 gold pieces.

Inventory:

Hand Weapons
 a - a -1 mace of flaming (weapon)
Armour
 b - a +0 robe (worn)
Scrolls
 c - 2 scrolls of teleportation {unknown}


   Skills:
 + Level 3.3 Fighting
 + Level 4.0 Maces & Flails
 + Level 1.4 Spellcasting
 + Level 3.6 Fire Magic


You had 2 spell levels left.
You didn't know any spells.
Your spell library contained the following spells:

 Spells                   Type           Power      Damage    Failure   Level
 Scorch                   Fire           24%        2d6       8%          2


Dungeon Overview and Level Annotations

Branches:
Dungeon (1/15) Zot: 531

Altars:


Innate Abilities, Weirdness & Mutations

You passively map a small area around you.
You are easily found by Zot.
You glow in the dark.
You regain HP and MP as you explore.


Message History

You don't know any spells.
You now have 14 gold pieces.
c - 2 scrolls labelled XOISTR INAESSO You open the large door.
There is a large open door here.
A kobold comes into view. It is wielding a +0 short sword.
The kobold shouts!
An endoplasm comes into view.
You see here 2 dark potions.
The endoplasm quivers.
The kobold closely misses you.
You completely miss the kobold.
The kobold hits you with a +0 short sword.
You completely miss the endoplasm.
A quokka comes into view.
The endoplasm freezes you.
You are frozen.
A frilled lizard comes into view.
The kobold hits you with a +0 short sword.
You thump the endoplasm! You burn the endoplasm.
You kill the endoplasm!
The kobold barely misses you. The kobold hits you but does no damage.
You completely miss the kobold. The kobold barely misses you.
You barely miss the kobold. The frilled lizard barely misses you.
The kobold hits you but does no damage. The kobold closely misses you.
The frilled lizard bites you but does no damage.
You closely miss the kobold. The frilled lizard bites you.
The kobold hits you but does no damage.
You barely miss the kobold. The frilled lizard closely misses you.
The kobold closely misses you. The quokka bites you.
* * * LOW HITPOINT WARNING * * *
The frilled lizard attacks as you move away!
The frilled lizard misses you. The quokka bites you.
* * * LOW HITPOINT WARNING * * *
You hit the frilled lizard. You burn the frilled lizard.
You kill the frilled lizard!
The quokka closely misses you.
The kobold hits you with a +0 short sword.
You die...

.#...~# ~#.#......###
.'..<~#~ +.......... ,
.'...~# +........#* ,,
, , .#...~#
#........#* **
###.~~#*##.#......#
,#.~≈###..#..!...#* ,
+.~###..##......#* .#
######.###.....r##...#
##..# ####.@......+
######..## #..K.....#
#......## #........+
..##.### #...#....#
.###.# #...#.#....
####.# #####.#.### *
.....# .# . , ######
,* # , *


You could see a quokka and a kobold.

Vanquished Creatures
  An endoplasm (D:1)
  A frilled lizard (D:1)
2 creatures vanquished.

Notes
Turn   | Place    | Note
-------+----------+-------------------------------------------
     0 | D:1      | wutend the Meteoran Cinder Acolyte began the quest for the
                  | Orb.
     0 | D:1      | Reached XP level 1. HP: 19/19 MP: 3/3
    66 | D:1      | Slain by a kobold

Illustrated notes

Levels and vault maps discovered:
D:1:      denvon_arrival_waterhouse, layout_basic,
          shapermc_ecumenical_altar_ellora

Action                   || total
-------------------------++-------
Melee: Mace              ||     8
Armor: Robe              ||     4
Dodge: Dodged            ||     9
